 Dungeon Crawl Stone Soup version 0.22-a0-353-g2d6336e (webtiles) character file.

275 vishdafish the Ducker (level 6, -13/41 HPs)
             Began as an Octopode Ice Elementalist on Apr 15, 2018.
             Was an Initiate of Vehumet.
             Mangled by an ogre
             ... wielding a +0 giant spiked club
              (32 damage)
             ... on level 4 of the Dungeon.
             The game lasted 00:10:51 (3512 turns).

vishdafish the Ducker (Octopode Ice Elementalist)   Turns: 3512, Time: 00:10:52

Health: -13/41     AC:  1    Str:  7    XL:     6   Next: 25%
Magic:  10/10      EV: 14    Int: 25    God:    Vehumet [......]
Gold:   158        SH:  0    Dex: 12    Spells: 7/11 levels left

rFire    . . .     SeeInvis .   a - +2 dagger (venom)
rCold    . . .     Gourm    .   (no shield)
rNeg     . . .     Faith    .   (helmet restricted)
rPois    .         Spirit   .   (no amulet)
rElec    .         Reflect  .   f - ring of flight
rCorr    .         Harm     .   (no ring)
MR       .....                  (no ring)
Stlth    +++.......             (no ring)
HPRegen  0.13/turn              (no ring)
MPRegen  0.12/turn              (no ring)
                                (no ring)
                                (no ring)

@: brilliant
A: almost no armour, stealthy swim, amphibious, 8 rings, constrict 8, camouflage
1, gelatinous body 1
a: Renounce Religion, Evoke Flight


You were on level 4 of the Dungeon.
You worshipped Vehumet.
Vehumet was noncommittal.
You were not hungry.

You visited 1 branch of the dungeon, and saw 4 of its levels.

You collected 158 gold pieces.

Inventory:

Hand Weapons
 a - a +2 dagger of venom (weapon)
 g - a +1 mace of protection
Jewellery
 f - a ring of flight (left tentacle)
Scrolls
 d - 4 scrolls of remove curse
 e - a scroll of enchant weapon {unknown}
 h - 4 scrolls of identify {unknown}
 i - 2 scrolls of random uselessness {unknown}
 k - a scroll of amnesia {unknown}
 m - 2 scrolls of teleportation {unknown}
Potions
 c - 2 potions of curing
 l - a potion of berserk rage {unknown}
 n - a potion of degeneration {unknown}
 o - a potion of flight {unknown}
 p - a potion of cancellation {unknown}
Comestibles
 b - 15 rations


   Skills:
 + Level 2.9 Fighting
 + Level 3.8 Dodging
 - Level 2.6 Stealth
 - Level 3.0 Spellcasting
   Level 1.0 Conjurations
 * Level 2.6 Charms
 - Level 3.1 Ice Magic


You had 7 spell levels left.
You knew the following spells:

 Your Spells              Type           Power        Failure   Level  Hunger
a - Freeze                Ice            ####         1%          1    None
b - Ozocubu's Armour      Chrm/Ice       ####....     1%          3    ###....


Dungeon Overview and Level Annotations

Branches:
Dungeon (4/15)
 Temple: D:4-7

Altars:
Vehumet


Innate Abilities, Weirdness & Mutations

You cannot wear most types of armour.
You are very stealthy in the water. (Stealth+)
You are amphibious.
You can wear up to eight rings at the same time.
You can use your tentacles to constrict eight enemies at once.
Your skin changes colour to match your surroundings (Stealth+).
Your rubbery body absorbs attacks. (AC +1, EV +1)


Message History

The adder appears out of thin air!
An adder comes into view.
The ogre hits you with a giant spiked club!!
Ouch! That really hurt!
The adder hisses angrily.
You are too injured to fight recklessly!
Okay, then.
It was a potion of brilliance.
You feel clever all of a sudden. The ogre completely misses you.
Casting: Ozocubu's Armour (safe; 1% risk of failure)
Confirm with . or Enter, or press ? or * to list all spells.
Okay, then.
The adder closely misses you. The adder barely misses you.
The adder misses you. The adder barely misses you. The adder barely misses you.
The adder misses you.
The ogre hits you with a giant spiked club!!
Ouch! That really hurt!
You die...

#............# #
#...>........#
#.#............#
#.#............#
#.......)......#
##............#
#............#
#....O.......#
#...@S.......#
....).####.....##
...... #.....#
..... #######
..... .... .


You could see an ogre and an adder.

Vanquished Creatures
  Natasha (thrice) (D:3)
  An orc wizard (D:3)
  A worker ant (D:4)
  2 adders
  An ooze (D:4)
  An adder skeleton (D:4)
  6 worms
  9 dart slugs
  3 leopard geckos
  4 orcs
  A ball python (D:3)
  A bat skeleton (D:2)
  5 giant cockroaches
  9 goblins
  7 hobgoblins
  8 jackals
  6 kobolds
  2 quokkas
  8 bats
  3 frilled lizards
  A leopard gecko skeleton (D:4)
  8 rats
90 creatures vanquished.

Notes
Turn   | Place    | Note
-------+----------+-------------------------------------------
     0 | D:1      | vishdafish the Octopode Ice Elementalist began the quest for the Orb.
     0 | D:1      | Reached XP level 1. HP: 11/11 MP: 3/3
   242 | D:1      | Reached XP level 2. HP: 15/18 MP: 3/5
   716 | D:1      | Reached skill level 1 in Fighting
   817 | D:1      | Reached XP level 3. HP: 23/23 MP: 6/6
  1593 | D:2      | Reached XP level 4. HP: 29/29 MP: 6/8
  1941 | D:2      | Learned a level 3 spell: Ozocubu's Armour
  2076 | D:3      | Found a radiant altar of Vehumet.
  2098 | D:3      | Became a worshipper of Vehumet
  2123 | D:3      | Reached XP level 5. HP: 25/34 MP: 9/9
  2445 | D:3      | Noticed Natasha
  2468 | D:3      | Killed Natasha
  2468 | D:3      | Reached skill level 1 in Charms
  2675 | D:3      | Noticed Natasha
  2686 | D:3      | Killed Natasha
  2807 | D:3      | Noticed Natasha
  2955 | D:3      | Killed Natasha
  3066 | D:4      | Reached XP level 6. HP: 37/41 MP: 10/10
  3069 | D:4      | Noticed a sky beast
  3512 | D:4      | Mangled by an ogre

Vault maps used:
D:1:      moated_graveyard_arrival, serial_corexii_hall, corexii_hall_statues_s,
          corexii_hall_statues_u
D:2:      minmay_joined_circles
D:3:      vehumet_crystals, kennysheep_generic_room_4, uniq_natasha
D:4:      lemuel_coloured_pillars_altar

Skill      XL: |  1  2  3  4  5 |
---------------+----------------+-----
Fighting       | 1 2 |  2.9
Dodging        | 3 |  3.8
Spellcasting   | 3 |  3.0
Charms         | 2 |  2.6
Stealth        | |  2.6
Conjurations   | |  1.0
Ice Magic      | |  3.1

Action                   |  1- 3 |  4- 6 || total
-------------------------+-------+-------++-------
Melee: Unarmed           |    11 |       ||    11
       Constrict         |    13 |    29 ||    42
       Tentacles         |    10 |    14 ||    24
       Dagger            |    45 |    88 ||   133
 Cast: Freeze            |    15 |    22 ||    37
       Ozocubu's Armour  |       |     3 ||     3
  Use: Scroll            |       |     1 ||     1
       Potion            |       |     2 ||     2
 Stab: Sleeping          |    10 |     6 ||    16
       Distracted        |       |     1 ||     1
  Eat: Chunk             |     2 |     3 ||     5
       Ration            |       |     1 ||     1
Armor: Skin              |     4 |     8 ||    12
Dodge: Dodged            |    37 |    70 ||   107

Table legend:
 A = Spawn XP
 B = Non-spawn XP
 C = Spawn XP percentage of total XP
 D = Spawn monster count
 E = Non-spawn monster count
 F = Spawn count percentage of total count
 G = Total turns spent on level
                    A         B        C        D         E        F      G
               +---------+---------+-------+---------+---------+-------+---------
         Total |       0 |     394 |   0.0 |       0 |      90 |   0.0 |  3512
               +---------+---------+-------+---------+---------+-------+---------
           D:1 |       0 |      49 |   0.0 |       0 |      26 |   0.0 |  1135
           D:2 |       0 |     103 |   0.0 |       0 |      38 |   0.0 |  1015
           D:3 |       0 |     177 |   0.0 |       0 |      19 |   0.0 |  1151
           D:4 |       0 |      65 |   0.0 |       0 |       7 |   0.0 |   211
               +---------+---------+-------+---------+---------+-------+---------
